[Event "Titled Tuesday Blitz June 13 Late 2023"]
[White "Sai Krishna G V"]
[Black "Kabilov, Amin"]
[WhiteFideId "5028280"]
[BlackFideId "14700859"]
[WhiteElo "2359"]
[BlackElo "2110"]
[Result "0-1"]
[Round "1"]
[TimeControl "180+2"]
[Date "2023.06.13"]
[WhiteClock "0:00:48"]
[BlackClock "0:00:39"]
[Board "112"]

1. Nf3 Nf6 2. g3 c5 3. Bg2 Nc6 4. O-O g6 5. d3 Bg7 6. e4 O-O 7. Nbd2 d6 8. Re1 Rb8 9. Nf1 b5 10. h4 b4 11. N1h2 Ng4 12. h5 a5 13. Nh4 Nxh2 14. Kxh2 a4 15. f4 Nd4 16. g4 e5 17. g5 exf4 18. Bxf4 Be5 19. Bxe5 dxe5 20. Qd2 Ne6 21. Nf3 Nf4 22. Rf1 f6 23. hxg6 hxg6 24. Rf2 fxg5 25. Raf1 Qf6 26. Qe3 g4 27. Ne1 Qh4+ 28. Kg1 g3 29. Nf3 gxf2+ 30. Rxf2 Qg3 31. Kh1 Nxg2 32. Rxg2 Qxf3 33. Qh6 Rf6 34. Kg1 Qf1+ 35. Kh2 Qf4+ 36. Qxf4 exf4 37. Rg5 f3 0-1


[Site "https://www.chess.com"]

[Event "Titled Tuesday Blitz June 13 Late 2023"]
[White "FuenfgegenWilly"]
[Black "Ashraf, Artin"]
[BlackFideId "22514805"]
[WhiteElo "2368"]
[BlackElo "2224"]
[Result "1-0"]
[Round "1"]
[TimeControl "180+2"]
[Date "2023.06.13"]
[WhiteClock "0:00:07"]
[BlackClock "0:00:00"]
[Board "113"]

1. d4 d5 2. c4 e6 3. Nc3 Be7 4. Nf3 Nf6 5. Bf4 O-O 6. e3 a6 7. Rc1 dxc4 8. Bxc4 b5 9. Bb3 Bb7 10. O-O Nbd7 11. Qe2 c5 12. Rfd1 Qb6 13. e4 cxd4 14. Nxd4 Bc5 15. Nf3 Rfd8 16. e5 Ng4 17. Bg3 Nf8 18. Ne4 Bxe4 19. Qxe4 Bxf2+ 20. Kh1 Bxg3 21. Qxg4 Bf2 22. Rf1 Ng6 23. Ng5 Be3 24. Nxf7 Bxc1 25. Nxd8 Rxd8 26. Rxc1 Nxe5 27. Bxe6+ Kh8 28. Qf5 Qd4 29. Rf1 Ng6 30. Bf7 Nh4 31. Qg5 h6 32. Qg3 Qe4 33. Bh5 Nf5 34. Qf3 Qxf3 35. Bxf3 Ne3 36. Re1 Nc4 37. b3 Na3 38. h4 b4 39. Re6 Rd2 40. Rxa6 Rxa2 41. Bd5 g5 42. h5 Ra1+ 43. Kh2 Nc2 44. Rxh6+ Kg7 45. Rb6 Kh7 46. Be4+ Kg7 47. Bxc2 1-0


[Site "https://www.chess.com"]

[Event "Titled Tuesday Blitz June 13 Late 2023"]
[White "Katz, Alexander"]
[Black "Bogaudinov, Rushan"]
[WhiteFideId "2039796"]
[BlackFideId "4129288"]
[WhiteElo "2389"]
[BlackElo "1967"]
[Result "1-0"]
[Round "1"]
[TimeControl "180+2"]
[Date "2023.06.13"]
[WhiteClock "0:01:15"]
[BlackClock "0:00:24"]
[Board "114"]

1. e4 e6 2. d4 d5 3. e5 c5 4. c3 Nc6 5. Nf3 Nge7 6. Bd3 Nf5 7. Bxf5 exf5 8. dxc5 Bxc5 9. O-O Be6 10. Nbd2 O-O 11. Nb3 Be7 12. Nbd4 h6 13. Re1 Qb6 14. h4 Nxd4 15. Nxd4 Bxh4 16. Qh5 Qd8 17. g3 Bg5 18. f4 Be7 19. g4 Bh4 20. Rf1 fxg4 21. f5 Bd7 22. f6 g5 23. Qxh6 1-0


[Site "https://www.chess.com"]

[Event "Titled Tuesday Blitz June 13 Late 2023"]
[White "Papp, Petra"]
[Black "Bellahcene, Bilel"]
[WhiteFideId "739049"]
[BlackFideId "696358"]
[WhiteElo "2259"]
[BlackElo "2552"]
[Result "0-1"]
[Round "1"]
[TimeControl "180+2"]
[Date "2023.06.13"]
[WhiteClock "0:00:00"]
[BlackClock "0:00:09"]
[Board "115"]

1. d4 Nf6 2. c4 g6 3. Nc3 Bg7 4. e4 d6 5. h3 e5 6. d5 a5 7. g4 h5 8. g5 Nfd7 9. Be3 Nc5 10. Qd2 O-O 11. O-O-O a4 12. Nge2 Nba6 13. Kb1 Bd7 14. Nc1 Qe7 15. Nd3 Nxd3 16. Bxd3 Nc5 17. Bc2 Rfb8 18. Bxc5 dxc5 19. d6 cxd6 20. Qxd6 Qxd6 21. Rxd6 Bc6 22. Rhd1 Bf8 23. R6d2 a3 24. b3 Be7 25. h4 Bd8 26. Nd5 Kg7 27. Bd3 Ba5 28. Rc2 Rd8 29. Bf1 Rd6 30. Rd3 Rad8 31. Rc1 Bd7 32. Rcd1 Bg4 33. f3 Be6 34. Kc2 Rb8 35. Re3 Bd7 36. Bd3 Bc6 37. Re2 Rf8 38. Rf1 Bd8 39. Kc3 f6 40. gxf6+ Bxf6 41. Rg2 Kh6 42. Rh1 Bd8 43. Rg3 Be8 44. Be2 Rf4 45. Rgh3 Rf8 46. Rg3 Rd7 47. Bd1 Bf7 48. Be2 Be6 49. Bd1 Rg7 50. Be2 Kh7 51. Bf1 Kg8 52. Bh3 Bxh3 53. Rhxh3 Kh7 54. Kd3 Rgf7 55. Ke2 Kh6 56. Rg2 g5 57. Ne3 gxh4 58. Nf5+ Rxf5 59. exf5 Bg5 60. f4 exf4 61. Rd3 Rxf5 62. Rd6+ Bf6 63. Kf3 h3 64. Rh2 Kg6 65. Rxh3 h4 66. Rh1 Kf7 67. Rd7+ Kg6 68. Rxb7 Rg5 69. Rb6 Kf5 70. Rd1 Rg3+ 71. Kf2 Bd4+ 72. Ke2 Rg2+ 73. Kd3 Rxa2 74. Re1 f3 75. Ree6 f2 0-1


[Site "https://www.chess.com"]

[Event "Titled Tuesday Blitz June 13 Late 2023"]
[White "Martins, Bruno Andre Leite"]
[Black "Szente Varga, Fruzsina"]
[WhiteFideId "1942255"]
[BlackFideId "712264"]
[WhiteElo "2241"]
[BlackElo "1994"]
[Result "1-0"]
[Round "1"]
[TimeControl "180+2"]
[Date "2023.06.13"]
[WhiteClock "0:00:48"]
[BlackClock "0:00:00"]
[Board "116"]

1. Nf3 d5 2. g3 Nf6 3. Bg2 g6 4. O-O Bg7 5. d4 O-O 6. c4 c6 7. Nc3 dxc4 8. Ne5 Be6 9. e4 Nbd7 10. Nf3 Nb6 11. h3 Qd7 12. Kh2 Rfd8 13. Qe2 Qc7 14. Bf4 Qc8 15. a4 a5 16. Be3 Qc7 17. Ng5 Bd7 18. f4 h5 19. Nf3 Ne8 20. Ne5 Be6 21. f5 gxf5 22. exf5 Bd5 23. Qxh5 Bxe5 24. dxe5 Qxe5 25. Bxb6 Bxg2 26. Kxg2 Rd2+ 27. Rf2 Ng7 28. Qg4 Rxf2+ 29. Bxf2 Rd8 30. Re1 Qxf5 31. Qxc4 Rd2 32. Re2 Rxe2 33. Qxe2 Ne6 34. Qg4+ Qxg4 35. hxg4 c5 36. Ne4 b6 37. Nd2 Nc7 38. Nc4 Nd5 39. Kf3 Kg7 40. Ke4 e6 41. Ke5 Kg6 42. Be3 Kg7 43. Bg5 1-0


[Site "https://www.chess.com"]

[Event "Titled Tuesday Blitz June 13 Late 2023"]
[White "Silva, Pedro Gil Ferreira Da"]
[Black "Kucuksari, Kaan"]
[WhiteFideId "1946102"]
[BlackFideId "6380166"]
[WhiteElo "2255"]
[BlackElo "2364"]
[Result "1-0"]
[Round "1"]
[TimeControl "180+2"]
[Date "2023.06.13"]
[WhiteClock "0:01:45"]
[BlackClock "0:00:37"]
[Board "117"]

1. e4 c5 2. Nf3 Nc6 3. Bb5 g6 4. O-O Bg7 5. c3 Nf6 6. d4 Nxe4 7. d5 Nd6 8. Bd3 Ne5 9. Nxe5 Bxe5 10. Bh6 b6 11. Re1 Bf6 12. Nd2 Qc7 13. Qf3 Kd8 14. Bf4 Bb7 15. Nc4 Bh4 16. g3 Qb8 17. gxh4 Re8 18. Nxd6 exd6 19. c4 f5 20. Rxe8+ Kxe8 21. Re1+ Kf7 22. h5 Qh8 23. Qe3 Qf8 24. Bh6 Qd8 25. Bg5 Qf8 26. Qe7+ Qxe7 27. Rxe7+ Kg8 28. h6 Ba6 29. Rg7+ Kf8 30. Rxh7 Re8 31. Rh8+ 1-0


[Site "https://www.chess.com"]

[Event "Titled Tuesday Blitz June 13 Late 2023"]
[White "Gokerkan, Cem Kaan"]
[Black "Zherebtsova, Alexandra"]
[WhiteFideId "6336760"]
[BlackFideId "24129518"]
[WhiteElo "2365"]
[BlackElo "2055"]
[Result "1-0"]
[Round "1"]
[TimeControl "180+2"]
[Date "2023.06.13"]
[WhiteClock "0:00:06"]
[BlackClock "0:00:00"]
[Board "118"]

1. e4 e5 2. Nc3 Nc6 3. g3 g6 4. Bg2 Bg7 5. Nge2 h5 6. h3 d6 7. d3 Be6 8. f4 Qd7 9. Be3 O-O-O 10. Qd2 Nd4 11. O-O-O Ne7 12. Kb1 Kb8 13. a3 Rhe8 14. Rdf1 Rf8 15. Ng1 d5 16. fxe5 Bxe5 17. Qf2 c5 18. Bf4 Qc7 19. Bxe5 Qxe5 20. Qf4 Qxf4 21. gxf4 dxe4 22. Nxe4 b6 23. b3 Nef5 24. Re1 Nh4 25. Bf1 Bf5 26. Ng3 Bc8 27. N1e2 Ndf3 28. Rd1 Bb7 29. Kb2 Rfe8 30. Nc3 f5 31. Be2 Nd4 32. Rhg1 Re3 33. Rd2 Rde8 34. Bd1 Nhf3 35. Bxf3 Nxf3 36. Rdg2 Nxg1 37. Rxg1 Re1 38. Nf1 R8e3 39. h4 Rf3 40. Rxg6 Rfxf1 41. Nb5 Bc6 42. Rxc6 Kb7 43. Rh6 a6 44. Nd6+ Kc6 45. Nxf5+ Kc7 46. Rh7+ Kc8 47. Nd6+ Kd8 48. f5 Rf4 49. Rxh5 Rh1 50. Rh7 Rhxh4 51. Rb7 Rh2 52. Ne4 Rxf5 53. Rxb6 Re2 54. Rxa6 1-0


[Site "https://www.chess.com"]

[Event "Titled Tuesday Blitz June 13 Late 2023"]
[White "Avalos Parra, Joao"]
[Black "Chen, Ryo"]
[WhiteFideId "3402541"]
[BlackFideId "7003072"]
[WhiteElo "2173"]
[BlackElo "2169"]
[Result "1-0"]
[Round "1"]
[TimeControl "180+2"]
[Date "2023.06.13"]
[WhiteClock "0:00:56"]
[BlackClock "0:00:09"]
[Board "119"]

1. d4 Nf6 2. c4 g6 3. Nf3 Bg7 4. Nc3 d6 5. Bg5 O-O 6. e3 Nbd7 7. Be2 e5 8. O-O Re8 9. Qc2 h6 10. Bh4 c6 11. Rad1 Qc7 12. h3 Nf8 13. dxe5 dxe5 14. Bg3 Bf5 15. Qb3 Ne4 16. Nxe4 Bxe4 17. Rd2 Ne6 18. Rfd1 Nc5 19. Qa3 Qb6 20. b4 Na6 21. b5 Nc5 22. bxc6 Qxc6 23. Rd6 Qc7 24. Nd2 Bc2 25. Rc1 Qxd6 26. Rxc2 Qe7 27. Rb2 e4 28. Rb5 b6 29. Nb3 Nxb3 30. Qxb3 Rad8 31. c5 a6 32. Rxb6 Qxc5 33. Bc4 Re7 34. Rxg6 Rc8 35. Bd5 Kh7 36. Rxa6 f5 37. Bd6 Qc1+ 38. Kh2 Rd7 39. Be6 Rxd6 40. Bxf5+ Kh8 41. Rxd6 Be5+ 42. g3 Bxd6 43. Qe6 Rf8 44. Qxh6+ Kg8 45. Qh7# 1-0


[Site "https://www.chess.com"]

[Event "Titled Tuesday Blitz June 13 Late 2023"]
[White "Arabidze, Meri"]
[Black "Garrido, Denis"]
[WhiteFideId "13604040"]
[BlackFideId "601217"]
[WhiteElo "2405"]
[BlackElo "2360"]
[Result "1-0"]
[Round "1"]
[TimeControl "180+2"]
[Date "2023.06.13"]
[WhiteClock "0:01:58"]
[BlackClock "0:02:20"]
[Board "120"]

1. d4 Nf6 2. c4 e6 3. Nf3 d5 4. Nc3 dxc4 5. e3 a6 6. a4 Bb4 7. Bxc4 b6 8. O-O Bb7 9. Qe2 O-O 10. Bd2 c5 11. Rfd1 Qe7 12. Rac1 Nbd7 13. h3 Rac8 14. Bxa6 Bxa6 15. Qxa6 c4 16. Qb5 Ba5 17. Nb1 Bxd2 18. Nbxd2 c3 19. Rxc3 Rxc3 20. bxc3 Nd5 21. Qb3 Rc8 22. c4 N5f6 23. Rb1 Qd6 24. Qb5 h6 25. a5 bxa5 26. Qxa5 Qc6 27. Qb5 Qc7 28. Qb7 1-0


[Site "https://www.chess.com"]

[Event "Titled Tuesday Blitz June 13 Late 2023"]
[White "Slovineanu, Viacheslav"]
[Black "Sun, Rick"]
[WhiteFideId "13900510"]
[BlackFideId "30909481"]
[WhiteElo "2312"]
[BlackElo "2169"]
[Result "0-1"]
[Round "1"]
[TimeControl "180+2"]
[Date "2023.06.13"]
[WhiteClock "0:00:05"]
[BlackClock "0:00:50"]
[Board "121"]

1. d4 d6 2. e4 Nf6 3. Nc3 Nbd7 4. Nf3 e5 5. Bc4 Be7 6. a4 c6 7. O-O Qc7 8. Re1 O-O 9. h3 h6 10. Be3 Re8 11. Nd2 Nf8 12. d5 Ng6 13. a5 Nh7 14. Bb3 c5 15. a6 bxa6 16. Ba4 Rf8 17. Bc6 Rb8 18. Nc4 Ng5 19. b3 Kh8 20. Qh5 Nh7 21. Qe2 Nh4 22. g3 f5 23. gxh4 f4 24. Bc1 Bxh3 25. Qf3 Qc8 26. Kh2 Bg4 27. Qg2 Bxh4 28. f3 Bg3+ 29. Kg1 Bh3 30. Qh1 Bxe1 31. Bxf4 Bxc3 0-1


[Site "https://www.chess.com"]

[Event "Titled Tuesday Blitz June 13 Late 2023"]
[White "Goryachkina, Aleksandra"]
[Black "Figorito, Nick"]
[WhiteFideId "4147103"]
[BlackFideId "30923689"]
[WhiteElo "2471"]
[BlackElo "2352"]
[Result "1/2-1/2"]
[Round "1"]
[TimeControl "180+2"]
[Date "2023.06.13"]
[WhiteClock "0:00:14"]
[BlackClock "0:00:25"]
[Board "122"]

1. e4 e6 2. d4 d5 3. Nc3 Bb4 4. Ne2 Nf6 5. e5 Nfd7 6. a3 Be7 7. f4 c5 8. Be3 Nc6 9. Qd2 a6 10. dxc5 Nxc5 11. O-O-O b5 12. Nd4 Nxd4 13. Bxd4 Bb7 14. Qf2 Qc8 15. h4 Ne4 16. Nxe4 dxe4 17. h5 h6 18. Rh3 Bd5 19. g4 Qb7 20. Bc5 O-O-O 21. Bxe7 Qxe7 22. Qb6 Qb7 23. Rc3+ Kb8 24. Qxb7+ Kxb7 25. Bg2 f5 26. exf6 gxf6 27. f5 exf5 28. gxf5 Bc6 29. Re3 Rxd1+ 30. Kxd1 Re8 31. Ke2 Re5 32. Bh3 Bd7 33. Kd2 Bxf5 34. Bxf5 Rxf5 35. Rxe4 Rxh5 36. Re7+ Kb8 37. Re6 Rh2+ 38. Kc3 Kb7 39. Rxf6 h5 40. Rf7+ Kb6 41. Rf6+ Kb7 42. Rf7+ Kb6 43. Rf6+ Kb7 1/2-1/2


[Site "https://www.chess.com"]

[Event "Titled Tuesday Blitz June 13 Late 2023"]
[White "Arun, Siddharth"]
[Black "Vlassov, Nikolai"]
[WhiteFideId "2079178"]
[BlackFideId "4103360"]
[WhiteElo "2352"]
[BlackElo "2324"]
[Result "0-1"]
[Round "1"]
[TimeControl "180+2"]
[Date "2023.06.13"]
[WhiteClock "0:00:18"]
[BlackClock "0:00:07"]
[Board "123"]

1. d4 Nf6 2. Nc3 d5 3. Bf4 e6 4. Nb5 Na6 5. e3 c6 6. Nc3 Bb4 7. Bd3 O-O 8. Ne2 c5 9. Bxa6 cxd4 10. Qxd4 Bxc3+ 11. Nxc3 bxa6 12. Rd1 Qb6 13. O-O a5 14. Na4 Qb4 15. c3 Qe7 16. Be5 Ba6 17. Rfe1 Rfc8 18. b3 Rc6 19. g4 Ne8 20. e4 dxe4 21. Rxe4 Bb7 22. c4 f6 23. Bg3 e5 24. Qe3 Rd8 25. Rxd8 Qxd8 26. Nc3 Rd6 27. Nd5 Bxd5 28. cxd5 Rxd5 29. Qxa7 Rd1+ 30. Kg2 Qd5 31. Qe3 Nd6 32. f3 Nxe4 33. fxe4 Qd2+ 34. Kf3 Rf1+ 35. Bf2 Qxa2 36. Qd3 Qxf2# 0-1


[Site "https://www.chess.com"]

[Event "Titled Tuesday Blitz June 13 Late 2023"]
[White "Manukyan, Sargis V."]
[Black "arenal72"]
[WhiteFideId "13303465"]
[WhiteElo "2236"]
[BlackElo "2352"]
[Result "0-1"]
[Round "1"]
[TimeControl "180+2"]
[Date "2023.06.13"]
[WhiteClock "0:00:15"]
[BlackClock "0:00:42"]
[Board "124"]

1. Nf3 Nf6 2. c4 c5 3. g3 Nc6 4. Bg2 g6 5. O-O Bg7 6. Nc3 O-O 7. a3 e6 8. Rb1 a5 9. d4 cxd4 10. Nxd4 Qb6 11. Ndb5 d5 12. Be3 Qd8 13. cxd5 exd5 14. Nxd5 Nxd5 15. Qxd5 Bf5 16. Rbd1 Qxd5 17. Rxd5 Bxb2 18. Bc5 Rfd8 19. Rxd8+ Rxd8 20. Nd6 Bc8 21. Rb1 Bd4 22. Nxb7 Bxb7 23. Bxd4 Nxd4 24. Rxb7 Nxe2+ 25. Kf1 Nc3 26. Bf3 Rd3 27. Kg2 Na2 28. a4 Nc3 29. Bc6 Rd2 30. Rd7 Rc2 31. Rd8+ Kg7 32. Ra8 Nd1 33. Bb5 Rxf2+ 34. Kg1 Rb2 35. Rxa5 Ne3 36. Ra7 Rg2+ 37. Kh1 Rd2 38. Kg1 Rg2+ 39. Kh1 Rd2 40. a5 Rd1+ 41. Bf1 Rxf1# 0-1


[Site "https://www.chess.com"]

[Event "Titled Tuesday Blitz June 13 Late 2023"]
[White "Francisco_Ferrari"]
[Black "Zochowski, Kacper"]
[BlackFideId "1125494"]
[WhiteElo "2351"]
[BlackElo "2235"]
[Result "0-1"]
[Round "1"]
[TimeControl "180+2"]
[Date "2023.06.13"]
[WhiteClock "0:00:02"]
[BlackClock "0:00:27"]
[Board "125"]

1. d3 d6 2. d4 Nd7 3. Nf3 e5 4. e4 Ngf6 5. Nc3 Be7 6. Bc4 O-O 7. O-O c6 8. h3 b5 9. dxe5 dxe5 10. Bb3 b4 11. Ne2 Nxe4 12. Be3 Nec5 13. Bc4 Qc7 14. Ng3 Nb6 15. Be2 Nd5 16. Bd2 Be6 17. Re1 f6 18. Bc4 a5 19. Qe2 Rad8 20. Rad1 Kh8 21. Ne4 Nd7 22. c3 N7b6 23. Bxd5 cxd5 24. Ng3 bxc3 25. Bxc3 Na4 26. Rc1 Nxc3 27. Rxc3 Qb6 28. Rb3 Qa7 29. Rc1 d4 30. Rb5 Rc8 31. Rxc8 Rxc8 32. Nxe5 fxe5 33. Rxe5 Bc4 34. Rxe7 Bxe2 35. Rxa7 d3 36. Rd7 h5 37. f3 Rc2 38. Nf5 d2 39. Ne3 Rc1+ 40. Kf2 d1=Q 41. Nxd1 Bxd1 42. Ra7 Bc2 43. Kg3 Kh7 44. Rxa5 Bg6 45. Rg5 Rc2 46. Rb5 h4+ 47. Kxh4 Rxg2 48. a4 Kh6 49. a5 Bd3 50. Rb6+ g6 51. a6 Be2 52. a7 Bxf3 53. b4 Kh7 54. b5 g5# 0-1


[Site "https://www.chess.com"]

[Event "Titled Tuesday Blitz June 13 Late 2023"]
[White "Kleiman, Jake"]
[Black "Zhou, Qiyu"]
[WhiteFideId "2020041"]
[BlackFideId "505161"]
[WhiteElo "2652"]
[BlackElo "2101"]
[Result "1-0"]
[Round "1"]
[TimeControl "180+2"]
[Date "2023.06.13"]
[WhiteClock "0:00:55"]
[BlackClock "0:00:03"]
[Board "126"]

1. e4 e5 2. Nf3 Nc6 3. Bc4 Bc5 4. d3 Nf6 5. c3 d6 6. Bb3 a6 7. Nbd2 O-O 8. h3 h6 9. O-O Be6 10. Bc2 Nh7 11. Re1 Ba7 12. Nf1 Qe7 13. Ng3 Qd7 14. d4 exd4 15. cxd4 d5 16. e5 f5 17. Nh5 Qf7 18. Nf4 Rae8 19. a3 g5 20. Nxe6 Rxe6 21. Qd3 Ne7 22. Bd2 Qg7 23. Bb4 Rf7 24. Bxe7 Rexe7 25. b4 Re6 26. Rac1 c6 27. Nd2 g4 28. hxg4 fxg4 29. Qxh7+ Qxh7 30. Bxh7+ Kxh7 31. Nb3 Rg6 32. Re3 Re6 33. Nc5 Bxc5 34. bxc5 Kg6 35. g3 h5 36. Rb1 Ree7 37. Kg2 Kf5 38. f4 Rh7 39. Rh1 Re6 40. Rh4 Reh6 41. Kf2 Re6 42. Re1 Reh6 43. Ke3 Re6 44. Rb1 Reh6 45. Rb2 Re6 46. Rbh2 Reh6 47. Rh1 Rh8 48. R4h2 R8h7 49. Kd3 Rh8 50. Re1 Re6 51. Rh4 Rh7 52. Re2 Rh8 53. Kc3 Rh7 54. Kb4 Reh6 55. Ka5 Re6 56. Kb6 Reh6 57. Ka7 Re6 58. Rb2 Ree7 59. Re2 Re6 60. Rh1 Reh6 61. Rb1 b5+ 62. Kb6 h4 63. gxh4 Kxf4 64. e6 Re7 65. Kxc6 Rexe6+ 66. Rxe6 Rxe6+ 67. Kxd5 Re2 68. c6 Kf3 69. Rc1 g3 70. c7 1-0


[Site "https://www.chess.com"]

[Event "Titled Tuesday Blitz June 13 Late 2023"]
[White "GAO"]
[Black "Sieciechowicz, Marcin"]
[BlackFideId "1130170"]
[WhiteElo "2349"]
[BlackElo "2301"]
[Result "0-1"]
[Round "1"]
[TimeControl "180+2"]
[Date "2023.06.13"]
[WhiteClock "0:00:02"]
[BlackClock "0:00:16"]
[Board "127"]

1. a3 g6 2. h4 Bg7 3. h5 d5 4. e3 Nc6 5. d4 e5 6. dxe5 Nxe5 7. Be2 c6 8. Nd2 Be6 9. Ngf3 Qc7 10. Nxe5 Bxe5 11. Nf3 Bg7 12. Nd4 O-O-O 13. Bd2 Ne7 14. h6 Be5 15. Rb1 Nf5 16. Bc3 Rhe8 17. Nxe6 Rxe6 18. Bxe5 Qxe5 19. Qd3 Kb8 20. b4 d4 21. e4 Qxe4 22. Qxe4 Rxe4 23. Kf1 Kc7 24. Bd3 Re5 25. g3 Rde8 26. Kg2 Nd6 27. a4 a5 28. b5 c5 29. Rhd1 Nc8 30. Bc4 R8e7 31. Bd3 Nb6 32. Kg1 Rh5 33. Re1 Rhe5 34. Red1 Nxa4 35. Ra1 Nc3 36. Rf1 b6 37. Kg2 Kd6 38. Bc4 Rh5 39. Rh1 Rxh1 40. Rxh1 a4 41. Ra1 Ra7 42. Ra3 Ke5 43. Kf3 Kf5 44. g4+ Kg5 45. Ra1 a3 46. Kg3 a2 47. f4+ Kxh6 48. g5+ Kg7 49. Kg4 f5+ 50. Kf3 h6 51. Bb3 Nxb5 52. Rxa2 Rxa2 53. Bxa2 Nd6 54. Bd5 c4 55. Be6 b5 56. Bd5 b4 57. Ke2 h5 58. Kd2 h4 59. Ke2 h3 60. Kf2 d3 61. cxd3 cxd3 62. Ke3 h2 63. Kf2 d2 64. Bb3 h1=Q 65. Ke2 Qe1+ 66. Kd3 d1=Q+ 67. Bxd1 Qxd1+ 68. Ke3 Nc4+ 0-1


[Site "https://www.chess.com"]

[Event "Titled Tuesday Blitz June 13 Late 2023"]
[White "Annaberdiyev, Meylis"]
[Black "PushYourPawns0"]
[WhiteFideId "14000563"]
[WhiteElo "2416"]
[BlackElo "2349"]
[Result "1-0"]
[Round "1"]
[TimeControl "180+2"]
[Date "2023.06.13"]
[WhiteClock "0:00:23"]
[BlackClock "0:00:00"]
[Board "128"]

1. e4 e6 2. d4 d5 3. e5 c5 4. Nf3 Nc6 5. Bd3 cxd4 6. O-O Nge7 7. Nbd2 Ng6 8. Re1 Qc7 9. Bxg6 hxg6 10. Nb3 Bd7 11. Nbxd4 Nxd4 12. Nxd4 Bc5 13. c3 Rc8 14. Bg5 a6 15. Qd2 Bc6 16. h4 Qb6 17. Rad1 Ba4 18. Rc1 Bd7 19. g3 a5 20. Be3 Rh5 21. Nf3 Bxe3 22. Rxe3 Rc4 23. Nd4 Qc7 24. Rce1 Kf8 25. Qe2 Kg8 26. Nf3 Bb5 27. Qd2 Bd7 28. Ng5 Be8 29. Rd3 Rg4 30. Rd4 Rhxh4 31. Rxg4 Rxg4 32. Kg2 Qe7 33. f4 f6 34. exf6 gxf6 35. Rxe6 Qd7 36. Qe2 1-0


[Site "https://www.chess.com"]

[Event "Titled Tuesday Blitz June 13 Late 2023"]
[White "Gerbelli Neto, Eduardo"]
[Black "Jeet, Jain"]
[WhiteFideId "2103281"]
[BlackFideId "5073022"]
[WhiteElo "2178"]
[BlackElo "2067"]
[Result "0-1"]
[Round "1"]
[TimeControl "180+2"]
[Date "2023.06.13"]
[WhiteClock "0:00:02"]
[BlackClock "0:00:14"]
[Board "129"]

1. e4 c6 2. d4 d5 3. exd5 cxd5 4. c4 Nf6 5. Nc3 Nc6 6. Nf3 g6 7. cxd5 Nxd5 8. Qb3 Nxc3 9. Bc4 e6 10. bxc3 Bg7 11. Bg5 Qc7 12. O-O O-O 13. Bd3 Bd7 14. Rab1 Na5 15. Qb4 Bc6 16. Be7 Bxf3 17. gxf3 Rfe8 18. Bd6 Qd8 19. Be4 Rc8 20. Rfc1 Nc4 21. Bf4 b6 22. Qa4 e5 23. Bg3 Nd2 24. Bc6 Nxb1 25. Bxe8 Nxc3 26. Rxc3 Rxc3 27. dxe5 h5 28. h4 Rxf3 29. Kg2 Qd5 30. Bc6 Ra3+ 31. Bxd5 Rxa4 32. Bb3 Re4 33. f4 Bf8 34. Kf3 Rd4 35. e6 fxe6 36. Bxe6+ Kh7 37. Bf2 Rd3+ 38. Ke2 Rd6 39. f5 Be7 40. Bg3 Rd4 41. Ke3 Ra4 42. Be5 gxf5 43. Bxf5+ Kg8 44. Be6+ Kf8 45. Bg3 Bxh4 46. Bd6+ Kg7 47. Bb3 Bg5+ 48. Kf3 Ra5 0-1


[Site "https://www.chess.com"]

[Event "Titled Tuesday Blitz June 13 Late 2023"]
[White "Ehlvest, Jaan"]
[Black "The_Straightforward_Rook"]
[WhiteFideId "4500016"]
[WhiteElo "2442"]
[BlackElo "2347"]
[Result "1-0"]
[Round "1"]
[TimeControl "180+2"]
[Date "2023.06.13"]
[WhiteClock "0:01:48"]
[BlackClock "0:02:22"]
[Board "130"]

1. e4 c5 2. Nf3 Nc6 3. d4 cxd4 4. Nxd4 Nf6 5. Nc3 e6 6. Ndb5 Bb4 7. a3 Bxc3+ 8. Nxc3 d5 9. exd5 exd5 10. Bd3 O-O 11. O-O Bg4 12. f3 Be6 13. Kh1 h6 14. Bf4 d4 15. Ne4 Nd5 16. Bd2 Qb6 17. Qe1 Qxb2 18. Qg3 Kh8 19. Rfb1 1-0


[Site "https://www.chess.com"]

[Event "Titled Tuesday Blitz June 13 Late 2023"]
[White "Saveliev, Alexei"]
[Black "Cardozo Munar, Carlos Eduardo"]
[WhiteFideId "24128546"]
[BlackFideId "4409477"]
[WhiteElo "2271"]
[BlackElo "2067"]
[Result "1/2-1/2"]
[Round "1"]
[TimeControl "180+2"]
[Date "2023.06.13"]
[WhiteClock "0:00:12"]
[BlackClock "0:00:16"]
[Board "132"]

1. c4 e6 2. Nc3 d5 3. cxd5 exd5 4. d4 Nf6 5. Nf3 c6 6. Bg5 Be7 7. Qc2 Bg4 8. Ne5 Bh5 9. e3 Nbd7 10. f4 Nxe5 11. fxe5 Nd7 12. Bf4 Bg6 13. Bd3 Bxd3 14. Qxd3 Nf8 15. O-O Ne6 16. Bg3 O-O 17. Rf5 f6 18. Raf1 Qd7 19. Bh4 fxe5 20. Bxe7 Qxe7 21. Rxe5 Rxf1+ 22. Qxf1 Rf8 23. Qe2 Qf6 24. Qf3 h6 25. Qxf6 Rxf6 26. h4 Kf7 27. g3 g5 28. Kg2 Kg6 29. Ne2 Ng7 30. Re7 Rf7 31. Rxf7 Kxf7 32. hxg5 hxg5 33. Kf3 Nf5 34. e4 dxe4+ 35. Kxe4 Ke6 36. Kd3 Nd6 37. a3 Kf5 38. b3 Kg4 39. Ke3 Nf5+ 40. Kf2 Nd6 41. Ke3 Nf5+ 42. Kf2 Nd6 43. Nc3 Nf5 44. Ne2 1/2-1/2


[Site "https://www.chess.com"]

[Event "Titled Tuesday Blitz June 13 Late 2023"]
[White "Sairam, Pranav"]
[Black "Gomez Ledo, Roberto Carlos"]
[WhiteFideId "30951330"]
[BlackFideId "3507076"]
[WhiteElo "1918"]
[BlackElo "2378"]
[Result "0-1"]
[Round "1"]
[TimeControl "180+2"]
[Date "2023.06.13"]
[WhiteClock "0:00:02"]
[BlackClock "0:00:21"]
[Board "133"]

1. e4 d6 2. d4 Nf6 3. Nc3 e5 4. dxe5 dxe5 5. Qxd8+ Kxd8 6. Nf3 Bd6 7. Bg5 Nd7 8. O-O-O Ke8 9. Bc4 a6 10. h3 h6 11. Be3 Ke7 12. Nd2 Bc5 13. Rhe1 Bxe3 14. Rxe3 c6 15. Nf3 a5 16. a4 Re8 17. Nh4 Nc5 18. Nf5+ Bxf5 19. exf5 Kf8 20. g4 Nfd7 21. Ne4 Re7 22. f6 gxf6 23. Nd6 Nb6 24. Ba2 Rd7 25. Nf5 Rxd1+ 26. Kxd1 Nbxa4 27. b3 Nb6 28. Nxh6 Nd5 29. Rf3 Ne4 30. Kc1 Rd8 31. Kb2 Nb4 32. Bb1 Rd2 33. Kc1 Rxf2 34. Rxf2 Nxf2 35. c3 Nd5 36. Kd2 Nxh3 37. Nf5 Ng5 38. Nd6 b5 39. Nb7 a4 40. b4 Nb6 41. Na5 Nc4+ 42. Nxc4 bxc4 43. Ba2 Ne4+ 44. Kc2 Nd6 45. Kb2 Ke7 46. Ka3 Nb5+ 47. Kxa4 Nxc3+ 48. Ka3 Nxa2 0-1


[Site "https://www.chess.com"]

[Event "Titled Tuesday Blitz June 13 Late 2023"]
[White "Spata, German"]
[Black "Kaganskiy, Gleb"]
[WhiteFideId "113026"]
[BlackFideId "4132025"]
[WhiteElo "2260"]
[BlackElo "2165"]
[Result "1-0"]
[Round "1"]
[TimeControl "180+2"]
[Date "2023.06.13"]
[WhiteClock "0:00:05"]
[BlackClock "0:00:09"]
[Board "134"]

1. Nf3 d5 2. e3 Nc6 3. c4 Nf6 4. cxd5 Nxd5 5. d4 Bg4 6. Be2 e6 7. O-O Be7 8. Nc3 O-O 9. h3 Bh5 10. Bd2 Bg6 11. a3 a6 12. Rc1 Nxc3 13. Bxc3 Bh5 14. Nd2 Bxe2 15. Qxe2 Bd6 16. Ne4 Ne7 17. Rfd1 Nd5 18. Bd2 Re8 19. Qf3 c6 20. Rc2 Rc8 21. Rdc1 Bb8 22. Nc5 Qe7 23. e4 Nf6 24. Bb4 Qc7 25. g3 Ba7 26. Bd2 Bxc5 27. dxc5 Rcd8 28. Bg5 Rd4 29. Bxf6 gxf6 30. Qxf6 Rxe4 31. Rd2 Qe7 32. Qh6 Re5 33. b4 Rd8 34. Rcd1 Rdd5 35. Rxd5 exd5 36. Qf4 Re1+ 37. Rxe1 Qxe1+ 38. Kg2 Qe7 39. Qg4+ Kf8 40. Qc8+ Kg7 41. h4 Qe4+ 42. Kg1 Qe1+ 43. Kg2 Qe4+ 44. Kh2 Qf3 45. Kg1 Qd1+ 46. Kg2 d4 47. Qd8 d3 48. Qg5+ Kf8 49. h5 d2 50. Qd8+ Kg7 51. Qg5+ Kf8 52. h6 Qe2 53. Qd8+ Qe8 54. Qxd2 Qe4+ 55. Kg1 Ke7 56. Qd6+ Ke8 57. Qb8+ Ke7 58. Qxb7+ Ke6 59. Qc8+ Kd5 60. Qd7+ Kc4 61. Qd2 Kb3 62. Qc1 Ka4 63. Kf1 Qd3+ 64. Kg2 Qxa3 65. Qc2+ Kxb4 66. Qxh7 Ka4 67. Qg7 Qb4 68. h7 Kb3 69. h8=Q Qe4+ 70. Kg1 Qe1+ 71. Kg2 Qe4+ 72. Kh2 Qe1 73. Qb2+ Kc4 74. Qhd4# 1-0


[Site "https://www.chess.com"]